 Dungeon Crawl Stone Soup version 0.29.1-2-gbd0b4ee654 (webtiles) character file.

Game seed: 310240296562761339

149 BaabKaare the Ruffian (level 5, -3/40 HPs)
             Began as a Draconian Transmuter on Nov 7, 2022.
             Slain by a gnoll bouda
             ... wielding a +0 whip
              (10 damage)
             ... on level 3 of the Dungeon.
             The game lasted 00:27:41 (3169 turns).

BaabKaare the Ruffian (Draconian Transmuter)        Turns: 3169, Time: 00:27:42

Health: -3/40      AC:  5    Str: 14    XL:     5   Next: 9%
Magic:  9/9        EV: 12    Int: 20    God:
Gold:   143        SH:  0    Dex: 11    Spells: 5/9 levels left

rFire   . . .      SeeInvis .     - Unarmed
rCold   . . .      Faith    .   (no shield)
rNeg    . . .      Spirit   .   (body armour unavailable)
rPois   .          Reflect  .   (helmet currently unavailable)
rElec   .          Harm     .   (no cloak)
rCorr   .          Rampage  .   (no gloves)
Will    .....                   (boots currently unavailable)
Stlth   +.........              (no amulet)
HPRegen 0.13/turn               n - +6 ring of intelligence
MPRegen 0.11/turn               b - ring of wizardry

@: appendages, weakened, slowed, very slow
A: horns 2, talons 2, AC +5, unfitting armour, cold-blooded
a: End Transformation


You were on level 3 of the Dungeon.
You had temporarily grown beastly horns and talons.
You visited 1 branch of the dungeon, and saw 4 of its levels.

You collected 143 gold pieces.

Inventory:

Missiles
 l - 36 stones
Armour
 f - a +0 pair of boots (melded)
Magical Staves
 g - a staff of death
Jewellery
 b - a ring of wizardry (right hand)
 n - a +6 ring of intelligence (left hand)
Wands
 p - a wand of iceblast (4)
Scrolls
 c - 6 scrolls of identify {unknown}
 d - a scroll of blinking {unknown}
 h - 2 scrolls of teleportation {unknown}
 o - 2 scrolls of fear {unknown}
 q - a scroll of vulnerability {unknown}
 r - a scroll of acquirement {unknown}
 s - a scroll of immolation {unknown}
 t - a scroll of enchant weapon {unknown}
Potions
 a - 2 potions of lignification
 e - a potion of attraction {unknown}
 i - 2 potions of mutation {unknown}
 j - 2 potions of ambrosia {unknown}
 k - a potion of berserk rage {unknown}
 m - a potion of haste {unknown}


   Skills:
 + Level 1.3 Fighting
 + Level 2.4 Dodging
 + Level 0.2 Stealth
 + Level 4.1 Unarmed Combat
 + Level 2.8 Spellcasting
 + Level 2.8 Transmutations
 * Level 1.2 Poison Magic


You had 5 spell levels left.
You knew the following spells:

 Your Spells              Type           Power      Damage    Failure   Level
a - Beastly Appendage     Tmut           28%        N/A       1%          1
b - Spider Form           Tmut/Pois      10%        N/A       8%          3

Your spell library contained the following spells:

 Spells                   Type           Power      Damage    Failure   Level
 Wereblood                Tmut           14%        N/A       2%          2
 Foxfire                  Conj/Fire      8%         2x1d4     6%          1
 Conjure Flame            Conj/Fire      2%         6-21      17%         3
 Inner Flame              Hex/Fire       2%         N/A       17%         3
 Ice Form                 Ice/Tmut       8%         N/A       32%         4
 Animate Dead             Necr           2%         N/A       47%         4
 Flame Wave               Conj/Fire      2%         2d4       47%         4
 Haunt                    Necr/Summ      1%         N/A       100%        7
 Infestation              Necr           1%         N/A       100%        8


Dungeon Overview and Level Annotations

Branches:
Dungeon (4/15)
 Temple: D:4-7

Altars:

Shops:
D:2 *


Innate Abilities, Weirdness & Mutations

You have temporarily grown beastly horns and talons.
Your plain brown scales are hard. (AC +5)
You cannot fit into any form of body armour.
You are cold-blooded and may be slowed by cold attacks.


Message History

A gnoll comes into view. It is wielding a +2 spear of freezing.
The gnoll bouda attacks as you move away!
The gnoll bouda hits you with a +0 whip.
The gnoll bouda barks out a call to the hunt!
Things that are here:
a +0 whip; a gnoll corpse The gnoll hits you but does no damage.
The gnoll bouda closely misses you. The gnoll completely misses you.
You hit the gnoll bouda. Your kick misses the gnoll bouda.
Your headbutt misses the gnoll bouda.
The gnoll bouda is severely wounded.
The gnoll hits you but does no damage.
The gnoll bouda gazes fiercely through you!
You feel your attacks grow feeble. The gnoll bouda completely misses you.
The gnoll barely misses you.
The gnoll bouda prays to its god.
The gnoll bouda is healed somewhat.
The gnoll hits you but does no damage.
Things that are here:
a +0 whip; a gnoll corpse You hit the gnoll but do no damage.
Your kick misses the gnoll.
The gnoll hits you from afar with a +2 spear of freezing.
You feel yourself slow down. The gnoll freezes you.
You hit the gnoll bouda but do no damage.
Your headbutt misses the gnoll bouda.
The gnoll bouda is heavily wounded.
Your attacks no longer feel as feeble.
The gnoll hits you from afar with a +2 spear of freezing.
The gnoll freezes you.
You hit the gnoll bouda.
The gnoll bouda is severely wounded.
You feel yourself speed up. The gnoll bouda misses you.
The gnoll hits you from afar with a +2 spear of freezing.
* * * LOW HITPOINT WARNING * * *
You feel yourself slow down. The gnoll freezes you.
* * * LOW HITPOINT WARNING * * *
The gnoll bouda gazes fiercely through you!
You feel your attacks grow feeble.
The gnoll bouda hits you with a +0 whip!
You die...

### #.## ...
#.. #.###.#
#gg...# #g#
#@# #.#
############
#.#
#......<....
#.#
#.##########
#.# #.#
#.#####.#
#.#.....#
#.#.#####
#.#.#


You could see a gnoll bouda and 2 gnolls.

Vanquished Creatures
  7 gnolls
  An adder (D:3)
  A white imp (D:3)
  A worm (D:2)
  2 dart slugs
  5 orcs (D:3)
  8 endoplasms
  A giant cockroach (D:1)
  3 goblins (D:1)
  5 hobgoblins
  A quokka (D:1)
  3 ball pythons
  7 bats
  2 frilled lizards
  5 kobolds
  5 rats
57 creatures vanquished.

Notes
Turn   | Place    | Note
-------+----------+-------------------------------------------
     0 | D:1      | BaabKaare the Draconian Transmuter began the quest for the
                  | Orb.
     0 | D:1      | Reached XP level 1. HP: 16/16 MP: 3/3
   457 | D:1      | Reached XP level 2. HP: 19/23 MP: 3/5
  1147 | D:2      | Found Kirow Wet's General Store.
  1198 | D:2      | Reached XP level 3. HP: 27/28 MP: 4/6
  1756 | D:2      | Learned a level 3 spell: Spider Form
  2327 | D:3      | Reached XP level 4. HP: 32/35 MP: 6/8
  2416 | D:3      | Reached skill level 4 in Unarmed Combat
  2873 | D:3      | Found a faded altar of an unknown god.
  2905 | D:3      | Reached XP level 5. HP: 28/40 MP: 9/9
  3157 | D:3      | Reached skill level 1 in Poison Magic
  3169 | D:3      | Slain by a gnoll bouda

Illustrated notes

Levels and vault maps discovered:
D:1:      elethiomel_arrival_quiet, layout_basic
D:2:      layout_rooms, serial_shops, shop
D:3:      layout_basic, ebering_ecumenical_altar_petrified,
          kennysheep_generic_room_7, uniq_terence
D:4:      layout_gridville, minmay_snake_closets, uniq_grinder, uniq_ijyb

Skill      XL: |  1  2  3  4  5 |
---------------+----------------+-----
Dodging        | 2 |  2.4
Unarmed Combat | 4 |  4.1
Poison Magic   | 1 |  1.2
Fighting       | |  1.3
Stealth        | |  0.2
Spellcasting   | |  2.8
Transmutations | |  2.8

Action                   |  1- 3 |  4- 6 || total
-------------------------+-------+-------++-------
Melee: Unarmed           |    88 |    64 ||   152
       Headbutt          |    11 |     8 ||    19
       Kick              |    13 |    15 ||    28
       Tailslap          |     6 |     5 ||    11
       Punch             |     1 |     1 ||     2
 Cast: Beastly Appendage |    24 |    10 ||    34
 Abil: End Transformatio |     1 |       ||     1
Evoke: Wand              |       |     2 ||     2
  Use: Potion            |     3 |       ||     3
Armor: Skin              |    23 |    18 ||    41
Dodge: Dodged            |    57 |    40 ||    97
